 Dungeon Crawl Stone Soup version 0.30-a0-561-g1b0378597e (webtiles) character file.

Game seed: 8096948434712648072

380 M4edhros the Cudgeller (level 6, -1/39 HPs)
             Began as an Octopode Chaos Knight on Dec 28, 2022.
             Was a Plaything of Xom.
             Splashed by a jelly's acid (8 damage)
             ... on level 4 of the Dungeon.
             The game lasted 00:05:09 (17175 turns).

M4edhros the Cudgeller (Octopode Chaos Knight)     Turns: 17175, Time: 00:05:10

Health: -1/39      AC:  5    Str:  7 (11) XL:     6   Next: 75%
Magic:  6/6        EV: 14    Int: 12 (14) God:    Xom [.*....]
Gold:   122        SH:  0    Dex: 12 (14) Spells: 5/5 levels left

rFire   . . .      SeeInvis .    a - +0 mace (chaos)
rCold   x . .      Faith    .    (no shield)
rNeg    . . .      Spirit   .    (helmet restricted)
rPois   .          Reflect  .    h - amulet of the acrobat
rElec   .          Harm     .    (no ring)
rCorr   .          Rampage  .    (no ring)
Will    .....                    (no ring)
Stlth   ++                       (no ring)
HPRegen 0.26/turn                (no ring)
MPRegen 0.10/turn                (no ring)
                                 (no ring)
                                 (no ring)

@: no status effects
A: almost no armour, amphibious, 8 rings, camouflage 1, gelatinous body 1,
(nimble swimmer 1), tentacles, iridescent scales 2, deterioration 2, frail 1,
high MP 1, cold vulnerability 1
a: Renounce Religion


You were on level 4 of the Dungeon.
You worshipped Xom.
You were a plaything of Xom.
You visited 1 branch of the dungeon, and saw 4 of its levels.

You collected 122 gold pieces.

Inventory:

Hand Weapons
 a - a +0 mace of chaos (weapon)
 p - a +0 spear
Missiles
 t - 2 poisoned darts
Armour
 q - a +0 ring mail
Magical Staves
 s - a staff of death
Jewellery
 h - an amulet of the acrobat (around mantle)
Wands
 f - a wand of digging (3)
 o - a wand of polymorph (3)
Scrolls
 c - a scroll of identify {unknown}
 e - a scroll of enchant weapon {unknown}
 g - 3 scrolls of teleportation {unknown}
 i - a scroll of enchant armour {unknown}
 m - a scroll of fog {unknown}
 r - a scroll of blinking {unknown}
Potions
 d - a potion of resistance {unknown}
 j - a potion of lignification {unknown}
 k - 4 potions of haste {unknown}
 l - a potion of flight
 u - a potion of magic {unknown}
Miscellaneous
 b - a piece from Xom's chessboard (15/15) (quivered)


   Skills:
 + Level 4.4 Fighting
 * Level 5.6 Maces & Flails
 + Level 4.0 Dodging


You had 5 spell levels left.
You didn't know any spells.
Your spell library contained the following spells:

 Spells                   Type           Power      Damage    Failure   Level
 Shock                    Conj/Air       0%         1d3       32%         1
 Swiftness                Air            0%         N/A       69%         3
 Airstrike                Air            0%         2d(0-16)  97%         4


Dungeon Overview and Level Annotations

Branches:
Dungeon (4/15)
 Temple: D:4-7

Altars:
Cheibriados
Dithmenos
Gozag
Uskayaw
Xom


Innate Abilities, Weirdness & Mutations

You cannot wear most types of armour.
You are amphibious.
You can wear up to eight rings at the same time.
Your skin changes colour to match your surroundings (Stealth+).
Your rubbery body absorbs attacks. (AC +1, EV +1)
((You are camouflaged when in or above water. (Stealth+)))
You have tentacles for arms and can constrict up to eight enemies at once.
You are mostly covered in iridescent scales. (AC +4)
Your body often deteriorates upon taking damage.
You are frail. (-10% HP)
You have an increased reservoir of magic. (+10% MP)
You are vulnerable to cold. (rC-)


Message History

You start resting.
You feel sick. x4
A jelly is nearby!
You feel sick.
You feel sick.
You sense a monster nearby.
You feel sick.
You are no longer poisoned.
A jelly is nearby!
A jelly is nearby!
The jelly quivers.
The jelly jiggles.
Aiming: Polymorph
Press: ? - help, Shift-Dir - straight line, f - jelly
Aim: a jelly (will become a steam dragon, an ice beast, or a killer bee, chance to affect: 57%)
Okay, then.
It was a potion of mutation.
You feel extremely strange. The antennae on your head shrink away.
Your rate of healing slows.
Your vision seems duller.
Iridescent scales spread over more of your body.
Okay, then.
You thump the jelly!
The jelly suddenly seems more agile.
Your tentacles burn!
Your body deteriorates!
You feel clumsy.
The jelly is moderately wounded.
The jelly barely misses you.
You hit the jelly. You freeze the jelly.
Your tentacles burn!
* * * LOW HITPOINT WARNING * * *
Your body deteriorates!
You feel weakened.
The jelly is severely wounded.
The jelly barely misses you.
You hit the jelly.
The jelly seems to grow stronger.
Your tentacles burn!
* * * LOW HITPOINT WARNING * * *
The jelly is almost dead.
The jelly hits you but does no damage.
You barely miss the jelly.
The jelly is almost dead.
The jelly hits you.
* * * LOW HITPOINT WARNING * * *
You are splashed with acid!
You die...
Xom laughs nastily!

####..†...#.......#<..###.
#...........#..#..#.###
..J.##.##...###..#....# .
#.#.#..###.......#
#.##†)......#.####
#.##)#.######.# #......#
#.# ##.....# #.. #...J@#
### #.....# #.....#
#.....# #######


You could see a jelly (strong, agile).

Vanquished Creatures
  Sigmund (D:3)
  Blork the orc (D:4)
  A scorpion (D:4)
  A howler monkey (D:4)
  2 adders
  4 dart slugs
  5 endoplasms
  3 giant cockroaches
  4 goblins
  5 hobgoblins
  5 kobolds
  4 ball pythons
  5 bats
  A frilled lizard (D:2)
  4 rats
46 creatures vanquished.

Notes
Turn   | Place    | Note
-------+----------+-------------------------------------------
     0 | D:1      | M4edhros the Octopode Chaos Knight began the quest for the
                  | Orb.
     0 | D:1      | Reached XP level 1. HP: 16/16 MP: 1/1
    96 | D:1      | Reached XP level 2. HP: 15/21 MP: 2/2
   419 | D:2      | Reached XP level 3. HP: 18/26 MP: 3/3
   574 | D:3      | Noticed Sigmund
   589 | D:3      | Killed Sigmund
   590 | D:3      | Reached skill level 4 in Maces & Flails
   590 | D:3      | Reached XP level 4. HP: 33/33 MP: 4/4
   590 | D:3      | Reached XP level 5. HP: 37/37 MP: 5/5
   640 | D:3      | Found an opulent altar of Gozag.
   643 | D:3      | Found a shimmering altar of Xom.
   643 | D:3      | Found a shadowy altar of Dithmenos.
   643 | D:3      | Found a hide-covered altar of Uskayaw.
  1389 | D:1      | XOM: 4-stop teleportation journey
  2135 | D:1      | XOM: noise
  2767 | D:1      | XOM: give mutations
  2767 | D:1      | Gained mutation: You are partially covered in iridescent
                  | scales. (AC +2) [Xom's grace]
  2767 | D:1      | Gained mutation: Your mind is acute. (Int +4, Str/Dex -1)
                  | [Xom's grace]
  3032 | D:1      | XOM: give mutations
  3032 | D:1      | Gained mutation: Your body sometimes deteriorates upon
                  | taking damage. [Xom's mischief]
  3032 | D:1      | Lost mutation: Your mind is acute. (Int +4, Str/Dex -1)
                  | [Xom's mischief]
  3032 | D:1      | Gained mutation: You are vulnerable to cold. (rC-) [Xom's
                  | mischief]
  3339 | D:1      | XOM: give mutations
  3339 | D:1      | Gained mutation: You are weak. (Str -2) [Xom's mischief]
  3339 | D:1      | Gained mutation: You are very weak. (Str -4) [Xom's
                  | mischief]
  4354 | D:1      | XOM: 7-stop teleportation journey
  4538 | D:1      | XOM is BORED!
  4628 | D:1      | XOM: give mutations
  4628 | D:1      | Gained mutation: Your body often deteriorates upon taking
                  | damage. [Xom's mischief]
  4628 | D:1      | Lost mutation: You are very weak. (Str -4) [Xom's mischief]
  4821 | D:1      | XOM: give mutation
  4821 | D:1      | Lost mutation: Your body often deteriorates upon taking
                  | damage. [Xom's mischief]
  4857 | D:1      | XOM: god gift: wand of polymorph (3)
  5348 | D:1      | XOM is BORED!
  6080 | D:1      | XOM: stat loss: -1 Int (12/14)
  6144 | D:1      | XOM: give mutations
  6144 | D:1      | Gained mutation: Your flesh is heat resistant. (rF+) [Xom's
                  | grace]
  6144 | D:1      | Gained mutation: Your natural rate of healing is unusually
                  | fast. [Xom's grace]
  6144 | D:1      | Gained mutation: You have an increased reservoir of magic.
                  | (+10% MP) [Xom's grace]
  6191 | D:1      | XOM: 6-stop teleportation journey
  6235 | D:1      | XOM: 4-stop teleportation journey
  6702 | D:1      | XOM: give mutation
  6702 | D:1      | Gained mutation: One of your tentacles bears a spike.
                  | [Xom's grace]
  7111 | D:1      | XOM: god gift: spear {god gift}
  7506 | D:1      | XOM: 2-stop teleportation journey
  7509 | D:1      | Reached skill level 5 in Maces & Flails
  7630 | D:1      | XOM: cloud trail
  7889 | D:1      | XOM: 2-stop teleportation journey
  7913 | D:1      | XOM: cloud trail
  8452 | D:1      | XOM: scenery: summon butterflies
  8724 | D:1      | XOM: god gift: 50 gold pieces
  8829 | D:1      | XOM: god gift: ring mail {god gift}
  9044 | D:1      | XOM: divination: detect creatures
  9047 | D:1      | XOM: divination: detect items
  9440 | D:1      | XOM: give mutations
  9440 | D:1      | Lost mutation: You are weak. (Str -2) [Xom's mischief]
  9440 | D:1      | Gained mutation: Your mind is acute. (Int +4, Str/Dex -1)
                  | [Xom's mischief]
  9440 | D:1      | Lost mutation: One of your tentacles bears a spike. [Xom's
                  | mischief]
  9440 | D:1      | Lost mutation: Your mind is acute. (Int +4, Str/Dex -1)
                  | [Xom's mischief]
  9698 | D:1      | XOM is BORED!
  9698 | D:1      | XOM: give mutations
  9698 | D:1      | Gained mutation: You are resistant to electric shocks.
                  | (rElec) [Xom's mischief]
  9698 | D:1      | Lost mutation: You are resistant to electric shocks.
                  | (rElec) [Xom's mischief]
  9698 | D:1      | Lost mutation: Your flesh is heat resistant. (rF+) [Xom's
                  | mischief]
  9698 | D:1      | Gained mutation: Your body often deteriorates upon taking
                  | damage. [Xom's mischief]
  9700 | D:1      | XOM: summons 3 hostile shadow creatures
 10458 | D:1      | XOM: god gift: viscous grey potion {god gift}
 10992 | D:1      | XOM: 4-stop teleportation journey
 12533 | D:1      | XOM: summons 1 hostile demon
 12947 | D:1      | XOM: give mutation
 12947 | D:1      | Gained mutation: You are frail. (-10% HP) [Xom's mischief]
 13394 | D:1      | XOM: smoke on damage
 13394 | D:1      | XOM: torment (18/33 hp)
 14082 | D:1      | XOM: god gift: staff of death
 14830 | D:1      | XOM: silly message
 15106 | D:1      | XOM: 7-stop teleportation journey
 15309 | D:1      | XOM is BORED!
 15309 | D:1      | XOM: noise
 16066 | D:1      | XOM: 7-stop teleportation journey
 16337 | D:1      | XOM: summons 1 hostile demon
 16504 | D:1      | XOM: 5-stop teleportation journey
 16509 | D:1      | XOM is BORED!
 16509 | D:1      | XOM: give mutations
 16509 | D:1      | Gained mutation: You have supernaturally acute eyesight.
                  | (SInv) [Xom's mischief]
 16509 | D:1      | Gained mutation: You have a pair of small antennae on your
                  | head. [Xom's mischief]
 16982 | D:1      | Glimpsed the power of Zot.
 17067 | D:3      | Found a snail-covered altar of Cheibriados.
 17098 | D:4      | Noticed Blork the orc
 17105 | D:4      | Reached XP level 6. HP: 32/38 MP: 6/6
 17114 | D:4      | Killed Blork the orc
 17171 | D:4      | Lost mutation: You have a pair of small antennae on your
                  | head. [potion of mutation]
 17171 | D:4      | Lost mutation: Your natural rate of healing is unusually
                  | fast. [potion of mutation]
 17171 | D:4      | Lost mutation: You have supernaturally acute eyesight.
                  | (SInv) [potion of mutation]
 17171 | D:4      | Gained mutation: You are mostly covered in iridescent
                  | scales. (AC +4) [potion of mutation]
 17175 | D:4      | Splashed by a jelly's acid

Illustrated notes

Levels and vault maps discovered:
D:1:      dpeg_arrival_orchard, layout_loops_ring, hex_medium
D:2:      layout_basic, dilly_ecumenical_altar_fadedgnrine,
          lightli_corner_chamber
D:3:      layout_loops_ring, slow_altar_1, grunt_temple_overflow_open,
          dk_noncrumbling_2, uniq_sigmund
D:4:      layout_loops_cross, beargit_hepliaklqana_dungeon_heroes, serial_shops,
          shop, uniq_blork_the_orc

Skill      XL: |  1  2  3  4  5  6 |
---------------+-------------------+-----
Fighting       | 4 |  4.4
Maces & Flails | 4 5 |  5.6
Dodging        | 3 4 |  4.0

Action                   |  1- 3 |  4- 6 || total
-------------------------+-------+-------++-------
Melee: Mace              |    51 |    54 ||   105
       Constrict         |    14 |     9 ||    23
       Tentacles         |     7 |    10 ||    17
       Punch             |     2 |       ||     2
Evoke: Piece from Xom's  |     4 |       ||     4
  Use: Potion            |     1 |     2 ||     3
 Stab: Sleeping          |     4 |     5 ||     9
Armor: Skin              |     9 |     9 ||    18
Dodge: Dodged            |    33 |    30 ||    63

Table legend: (Time is in decaauts)
 A = Elapsed time spent in this place.
 B = Non-inter-level travel time spent in this place.
 C = Inter-level travel time spent in this place.
 D = Time resting spent in this place.
 E = Time spent auto-exploring this place.
 F = Levels seen in this place.
 G = Mean time per level.
                   A        B        C        D        E       F      G
               +--------+--------+--------+--------+--------+-----+--------+
         Total |  17196 |  16790 |    406 |  15902 |    550 |   4 | 4299.0 |
       Dungeon |  17196 |  16790 |    406 |  15902 |    550 |   4 | 4299.0 |
               +--------+--------+--------+--------+--------+-----+--------+

Top non-repeatable levels by time:
     D:1: 16375 daAuts
     D:2: 530 daAuts
     D:3: 189 daAuts
     D:4: 100 daAuts
